 Dungeon Crawl Stone Soup version 0.31.0-1-g2c135a008e (webtiles) character file.

Game seed: 5969439144806494995

1115 qw the Shooter (level 8, -1/58 HPs)
             Began as a Djinni Hunter on Jan 23, 2024.
             Was a Follower of Okawaru.
             Slain by a gnoll sergeant
             ... wielding a +0 spear
              (8 damage)
             ... on level 6 of the Dungeon.
             The game lasted 00:00:22 (4757 turns).

qw the Shooter (Djinni Hunter)                      Turns: 4757, Time: 00:00:23

Health: -1/58      AC:  9    Str: 10    XL:     8   Next: 60%
Gold:   158        EV: 11    Int: 12    God:    Okawaru [*.....] SH:  0 Dex: 18

rFire   + + .        d - +0 orcbow
rCold   x . .        (shield currently unavailable)
rNeg    . . .        h - +0 ring mail
rPois   inf          (no helmet)
rElec   .            (no cloak)
rCorr   .            (no gloves)
SInv    +            (boots unavailable)
Will    .....        n
                       - Hermit's Pendant {Faith Invo=14 Evo=0 MP+5}
Stlth   +            j - ring of see invisible
HPRegen 0.29/turn    k - +4 ring of protection
MPRegen 0.00/turn

%: faith, infuse magic (-2 HP)
@: flying
A: sickness immunity, fire resistance 2, cold vulnerability 1, float, innate
caster, HP casting, extra vitality 1
a: Renounce Religion, Heroism


You were on level 6 of the Dungeon.
You worshipped Okawaru.
Okawaru was aware of your devotion.
You visited 2 branches of the dungeon, and saw 7 of its levels.

You collected 353 gold pieces.
You spent 195 gold pieces at shops.


Innate Abilities, Weirdness & Mutations

You are immune to sickness and miasma.
You are immune to poison.
Your flesh is very heat resistant. (rF++)
You are vulnerable to cold. (rC-)
You float through the air rather than walking.
You learn spells naturally, not from books.
Your magical power is your life essence.
You have superior vitality. (+4 MHP)


   Skills:
 + Level 4.9 Fighting
 - Level 7.0 Ranged Weapons
 - Level 1.0 Armour
 - Level 3.4 Dodging
 - Level 0.7 Stealth
 + Level 2.4(14.0) Invocations


You knew the following spells:

 Your Spells              Type           Power      Damage    Failure   Level
a - Sting                 Conj/Alch      0%         1d3       63%         1
b - Blink                 Tloc           0%         N/A       77%         2
c - Tukima's Dance        Hex            0%         N/A       94%         3
Your spell library was empty.

Inventory:

Hand Weapons
 d - a +0 orcbow (weapon)
Armour
 h - a +0 ring mail (worn)
Jewellery
 j - a ring of see invisible (left hand)
 k - a +4 ring of protection (right hand)
 n - the Hermit's Pendant (around neck) {Faith Invo=14 Evo=0 MP+5}
   (You found it on level 4 of the Dungeon)

   [amulet of faith]

   Invo=14: It sets your Invocations skill to 14.
   Evo=0: It sets your Evocations skill to 0.
   Faith:     It allows you to gain divine favour quickly.
   MP+5:      It affects your magic capacity (+5).
Scrolls
 a - a scroll of identify
Potions
 c - a potion of haste
 e - a potion of might
 g - 3 potions of curing

Dungeon Overview and Level Annotations

Branches:
Dungeon (6/15)             Temple (1/1) D:5

Altars:
Ashenzari
Cheibriados
Dithmenos
Elyvilon
Fedhas
Gozag
Hepliaklqana
Makhleb
Nemelex Xobeh
Okawaru
Qazlal
Xom
Yredelemnul
Zin
The Shining One

Shops:
D:4 *   D:5 *

Annotations:
D:3 2 transporters, Menkaure


Message History

The gnoll sergeant hits you from afar with a +0 spear.
The adder misses you. The gnoll hits you with a +0 flail.
You shoot an arrow. The arrow hits the adder.
You kill the adder!
Okawaru accepts your kill.
The gnoll sergeant hits you but does no damage.
The gnoll closely misses you.
You shoot an arrow. The arrow hits the gnoll.
The gnoll is heavily wounded.
The gnoll sergeant hits you from afar with a +0 spear!
The gnoll hits you with a +0 flail.
You shoot an arrow.
The arrow hits the gnoll but does no damage.
The gnoll is heavily wounded.
The gnoll sergeant completely misses you.
The gnoll hits you but does no damage.
You shoot an arrow. The arrow barely misses the gnoll.
The arrow hits the gnoll sergeant.
The gnoll sergeant is moderately wounded.
The gnoll sergeant hits you from afar with a +0 spear.
The gnoll closely misses you.
The gnoll sergeant hits you but does no damage.
The gnoll hits you with a +0 flail.
You shoot an arrow. The arrow barely misses the gnoll.
The arrow hits the gnoll sergeant.
The gnoll sergeant is moderately wounded.
The gnoll sergeant hits you from afar with a +0 spear.
The gnoll barely misses you.
You shoot an arrow. The arrow closely misses the gnoll.
The arrow hits the gnoll sergeant.
The gnoll sergeant is heavily wounded.
The gnoll sergeant hits you but does no damage.
The gnoll hits you with a +0 flail.
You shoot an arrow. The arrow closely misses the gnoll.
The arrow hits the gnoll sergeant.
The gnoll sergeant is severely wounded.
The gnoll sergeant hits you from afar with a +0 spear.
The gnoll barely misses you.
The gnoll sergeant hits you from afar with a +0 spear!
You die...

####...##
#.......##
#####........#
##.#..#....g.....
#......<..##....
#........)># .
#.........g#
#......##)g#
##.S... ##@#
#...............#
#..#..........##.#
...#........###
..........
..........#
..........#
#...$#.....


You could see a gnoll sergeant and a gnoll.

Vanquished Creatures
  3 water moccasins
  An ice beast (D:5)
  A centaur (D:5)
  A scorpion (D:3)
  2 hounds (D:5)
  2 gnoll boudas (D:3)
  2 iguanas
  An orc wizard (D:5)
  16 gnolls
  9 adders
  A shadow imp (D:6)
  A white imp (D:5)
  5 dart slugs
  3 ribbon worms
  7 orcs
  3 bats
  8 endoplasms
  4 giant cockroaches
  5 hobgoblins
  6 jackals
  7 quokkas
  11 ball pythons
  3 frilled lizards
  9 goblins
  11 kobolds
  7 rats
129 creatures vanquished.

Notes
Turn   | Place    | Note
-------+----------+-------------------------------------------
     0 | D:1      | qw the Djinni Hunter began the quest for the Orb.
     0 | D:1      | Reached XP level 1. HP: 18/18 MP: 0/0
     0 | D:1      | 0 ||| qw: Version: 0.3-a-136-gdd3b4e8
     0 | D:1      | 0 ||| qw: Game counter: 1187
     0 | D:1      | 0 ||| qw: Melee chars always use a shield: true
     0 | D:1      | 0 ||| qw: God list: Okawaru
     0 | D:1      | 0 ||| qw: Allow faded altars: false
     0 | D:1      | 0 ||| qw: Do Orc after clearing Dungeon:15 true
     0 | D:1      | 0 ||| qw: Do second Lair branch before Depths: true
     0 | D:1      | 0 ||| qw: Lair rune preference: random
     0 | D:1      | 0 ||| qw: Goals: Normal
     0 | D:1      | 0 ||| PLANNING D:1-11
   140 | D:1      | Reached XP level 2. HP: 23/23 MP: 0/0
   346 | D:1      | Reached skill level 4 in Ranged Weapons
   346 | D:1      | Reached XP level 3. HP: 15/28 MP: 0/0
   346 | D:1      | Learned a level 1 spell: Sting
   779 | D:1      | 779 ||| UPGRADING to +0 ring mail.
   789 | D:1      | 789 ||| DROPPING +0 leather armour.
   790 | D:1      | 790 ||| UPGRADING to ring of see invisible.
   791 | D:1      | 791 ||| READING scroll labelled TISKEZX XASI.
   792 | D:1      | 792 ||| READING 2 scrolls labelled BOCOUNK CEXEU.
   792 | D:1      | 792 ||| IDENTIFYING fizzy clear potion
   793 | D:1      | 793 ||| READING scroll of identify.
   793 | D:1      | 793 ||| IDENTIFYING scroll labelled WITUES WIYHOON
   794 | D:1      | 794 ||| READING scroll labelled MOFFIB ONK.
   798 | D:1      | 798 ||| DROPPING scroll of butterflies.
   799 | D:1      | 799 ||| DROPPING scroll of blinking.
   888 | D:2      | Reached skill level 1 in Armour
   888 | D:2      | Reached XP level 4. HP: 24/33 MP: 0/0
  1156 | D:2      | 1156 ||| FLEEEEING.
  1157 | D:2      | 1157 ||| FLEEEEING.
  1162 | D:2      | 1162 ||| FLEEEEING.
  1163 | D:2      | 1163 ||| FLEEEEING.
  1164 | D:2      | 1164 ||| FLEEEEING.
  1165 | D:2      | 1165 ||| FLEEEEING.
  1166 | D:2      | 1166 ||| FLEEEEING.
  1167 | D:2      | 1167 ||| FLEEEEING.
  1168 | D:2      | 1168 ||| FLEEEEING.
  1169 | D:2      | 1169 ||| FLEEEEING.
  1170 | D:2      | 1170 ||| FLEEEEING.
  1171 | D:2      | 1171 ||| FLEEEEING.
  1172 | D:2      | 1172 ||| FLEEEEING.
  1173 | D:2      | 1173 ||| FLEEEEING.
  1174 | D:2      | 1174 ||| FLEEEEING.
  1175 | D:2      | 1175 ||| FLEEEEING.
  1176 | D:2      | 1176 ||| FLEEEEING.
  1177 | D:2      | 1177 ||| FLEEEEING.
  1178 | D:2      | 1178 ||| FLEEEEING.
  1233 | D:2      | Reached skill level 3 in Fighting
  1631 | D:2      | Reached XP level 5. HP: 39/40 MP: 0/0
  1631 | D:2      | Learned a level 2 spell: Blink
  2011 | D:2      | 2011 ||| UPGRADING to +4 ring of protection.
  2012 | D:2      | 2012 ||| READING scroll labelled APTIOGH AXOROP.
  2013 | D:2      | 2013 ||| READING scroll labelled HURAEBR IWKA.
  2014 | D:2      | 2014 ||| READING scroll labelled QOSOR PAUNED.
  2015 | D:2      | 2015 ||| READING scroll labelled MOUMAE TOCASYT.
  2015 | D:2      | 2015 ||| ENCHANTING +0 shortbow.
  2016 | D:2      | 2016 ||| READING scroll labelled UWNATTEROR.
  2032 | D:3      | 2032 ||| STAIRDANCE
  2036 | D:3      | 2036 ||| STAIRDANCE
  2160 | D:3      | Found a faded altar of an unknown god.
  2309 | D:3      | Found a transporter.
  2311 | D:3      | Found a transporter.
  2322 | D:3      | 2322 ||| READING scroll of enchant weapon.
  2322 | D:3      | 2322 ||| ENCHANTING +1 shortbow.
  2342 | D:3      | Found a basalt altar of Yredelemnul.
  2346 | D:3      | Noticed Menkaure
  2417 | D:3      | Found a snail-covered altar of Cheibriados.
  2505 | D:3      | Reached skill level 5 in Ranged Weapons
  2710 | D:3      | Reached XP level 6. HP: 46/46 MP: 0/0
  2773 | D:3      | 2773 ||| READING scroll of identify.
  2773 | D:3      | 2773 ||| IDENTIFYING amethyst potion
  2774 | D:3      | 2774 ||| READING scroll labelled VARURR CAMATS.
  2774 | D:3      | 2774 ||| BRANDING +2 shortbow.
  2775 | D:3      | 2775 ||| READING scroll labelled RAGALL ANOA.
  2876 | D:3      | 2876 ||| DRINKING 2 inky potions.
  2877 | D:3      | 2877 ||| DROPPING potion of lignification.
  2904 | D:4      | 2904 ||| STAIRDANCE
  2912 | D:3      | Reached skill level 3 in Dodging
  2920 | D:3      | HP: 5/46 [gnoll/+0 flail[a gnoll bouda] (8)]
  2921 | D:3      | 2921 ||| DRINKING potion of heal wounds.
  2966 | D:4      | 2966 ||| STAIRDANCE
  3020 | D:4      | 3020 ||| STAIRDANCE
  3026 | D:4      | 3026 ||| STAIRDANCE
  3034 | D:4      | 3034 ||| STAIRDANCE
  3235 | D:4      | Noticed a water moccasin
  3245 | D:4      | Killed a water moccasin
  3246 | D:4      | Reached XP level 7. HP: 51/52 MP: 0/0
  3246 | D:4      | Learned a level 3 spell: Tukima's Dance
  3346 | D:4      | Found a glowing golden altar of the Shining One.
  3555 | D:4      | Found a faded altar of an unknown god.
  3555 | D:4      | Found the Hermit's Pendant {Faith Invo=14 Evo=0 MP+5}
  3685 | D:4      | Found Vyxiti's Assorted Antiques.
  3688 | D:4      | 3688 ||| BUYING orange potion (19 gold).
  3688 | D:4      | Bought an orange potion for 19 gold pieces
  3688 | D:4      | 3688 ||| BUYING potion of heal wounds (110 gold).
  3688 | D:4      | Bought a potion of heal wounds for 110 gold pieces
  3688 | D:4      | 3688 ||| BUYING scroll labelled YCARI IDDASHE (22 gold).
  3688 | D:4      | Bought a scroll labelled YCARI IDDASHE for 22 gold pieces
  3688 | D:4      | 3688 ||| BUYING scroll of identify (44 gold).
  3688 | D:4      | Bought a scroll of identify for 44 gold pieces
  3688 | D:4      | 3688 ||| UPGRADING to Hermit's Pendant {Faith Invo=14 Evo=0
                  | MP+5}.
  3693 | D:4      | 3693 ||| READING 2 scrolls of identify.
  3693 | D:4      | 3693 ||| IDENTIFYING viscous white potion
  3694 | D:4      | 3694 ||| READING scroll of identify.
  3694 | D:4      | 3694 ||| IDENTIFYING viscous coppery potion
  3695 | D:4      | 3695 ||| READING scroll labelled OSTROO QUMPILLA.
  3696 | D:4      | 3696 ||| READING scroll labelled YCARI IDDASHE.
  3696 | D:4      | 3696 ||| ENCHANTING +2 shortbow of draining.
  3697 | D:4      | 3697 ||| DRINKING 3 orange potions.
  3698 | D:4      | 3698 ||| DRINKING 2 fuming grey potions.
  3699 | D:4      | 3699 ||| DROPPING potion of brilliance.
  3700 | D:4      | 3700 ||| DROPPING potion of degeneration.
  3716 | D:5      | Entered Level 5 of the Dungeon
  3716 | D:5      | Found a staircase to the Ecumenical Temple.
  3717 | D:5      | 3717 ||| PLANNING TEMPLE
  3725 | Temple   | Entered the Ecumenical Temple
  3726 | Temple   | 3726 ||| PLANNING OKAWARU WORSHIP
  3745 | Temple   | Became a worshipper of Warmaster Okawaru
  3746 | Temple   | 3746 ||| PLANNING D:1-11
  3780 | D:5      | Noticed a water moccasin
  3781 | D:5      | 3781 ||| DRINKING 2 potions of haste.
  3790 | D:5      | Killed a water moccasin
  3791 | D:5      | Reached skill level 6 in Ranged Weapons
  3877 | D:5      | Reached XP level 8. HP: 46/58 MP: 0/0
  4025 | D:5      | 4025 ||| RETREEEEATING.
  4031 | D:5      | Reached * piety under Okawaru
  4032 | D:5      | Reached skill level 7 in Ranged Weapons
  4047 | D:5      | HP: 14/58 [water moccasin (2)]
  4048 | D:5      | 4048 ||| READING scroll of teleportation.
  4049 | D:5      | 4049 ||| DRINKING 4 potions of heal wounds.
  4191 | D:5      | Found Hosetsa's Elemental Accessories.
  4199 | D:5      | Reached skill level 1 in Invocations
  4218 | D:5      | 4218 ||| SHOPLISTING wand of polymorph (5) (84 gold, have
                  | 70).
  4448 | D:5      | 4448 ||| SWAPPING to +0 orcbow.
  4449 | D:5      | 4449 ||| DROPPING +2 shortbow of draining.
  4644 | D:5      | 4644 ||| READING 2 scrolls of identify.
  4644 | D:5      | 4644 ||| IDENTIFYING glowing golden potion
  4645 | D:5      | 4645 ||| DROPPING potion of invisibility.
  4726 | D:6      | 4726 ||| RETREEEEATING.
  4727 | D:6      | 4727 ||| RETREEEEATING.
  4736 | D:6      | HP: 12/58 [gnoll/+0 flail[a gnoll sergeant] (6)]
  4737 | D:6      | 4737 ||| DRINKING 3 potions of heal wounds.
  4740 | D:6      | 4740 ||| RETREEEEATING.
  4741 | D:6      | 4741 ||| RETREEEEATING.
  4742 | D:6      | 4742 ||| RETREEEEATING.
  4742 | D:6      | HP: 13/58 [gnoll/+0 flail[a gnoll sergeant] (6)]
  4743 | D:6      | 4743 ||| DRINKING 2 potions of heal wounds.
  4749 | D:6      | HP: 13/58 [gnoll sergeant/+0 spear (2)]
  4750 | D:6      | 4750 ||| DRINKING potion of heal wounds.
  4756 | D:6      | HP: 11/58 [gnoll/+0 flail[a gnoll sergeant] (4)]
  4757 | D:6      | Slain by a gnoll sergeant

Levels and vault maps discovered:
D:1:      onia_arrival_mini_maze_b, layout_loops_ring, minmay_tromino_v4_c
D:2:      minmay_recursive_quarters, layout_loops_corners
D:3:      layout_loops_cross, lemuel_coloured_pillars_altar,
          gammafunk_temple_of_torment, dreamdust_ecumenical_altar_statues,
          minmay_distorted
D:4:      layout_loops_ring, old_standard_altar, serial_shops,
          kennysheep_mini_moat, hellmonk_guarded_unrand_hermit
D:5:      layout_loops_ring, minmay_temple_entry_drinking_statues, minivault_5,
          nicolae_elemental_shop, minmay_fractal_squares_5
D:6:      layout_cave_pools, nicolae_uskayaw_dance_studio, gammafunk_ghost_split
Temple:   minmay_temple_bridge_abc

Skill      XL: |  1  2  3  4  5  6  7  8 |
---------------+-------------------------+-----
Ranged Weapons | 4 5 6 7 |  7.0
Armour         | 1 |  1.0
Fighting       | 3 4 |  4.9
Dodging        | 3 |  3.4
Invocations    | 2 |  2.4
Stealth        | |  0.7

Action                     |  1- 3 |  4- 6 |  7- 9 || total
---------------------------+-------+-------+-------++-------
   Fire: Shortbow          |    58 |   208 |   115 ||   381
         Orcbow            |       |       |    28 ||    28
    Use: Scroll            |     4 |     9 |     6 ||    19
         Potion            |       |     2 |     7 ||     9
 Armour: Leather armour    |     5 |       |       ||     5
         Ring mail         |     2 |   123 |    99 ||   224
  Dodge: Dodged            |    12 |   114 |    63 ||   189

Table legend:
 A = Non-vault XP
 B = Vault XP
 C = Vault XP percentage of total XP
 D = Non-vault monster count
 E = Vault monster count
 F = Vault count percentage of total count
                 A         B        C        D         E       F
            +---------+---------+-------+---------+---------+-------
      Total |    1207 |     387 |  24.3 |     108 |      21 |  16.3
            +---------+---------+-------+---------+---------+-------
        D:1 |      50 |       3 |   5.7 |      21 |       3 |  12.5
        D:2 |      79 |      21 |  21.0 |      24 |      10 |  29.4
        D:3 |     261 |       5 |   1.9 |      23 |       1 |   4.2
        D:4 |     322 |       3 |   0.9 |      22 |       1 |   4.3
        D:5 |     428 |     355 |  45.3 |      13 |       6 |  31.6
        D:6 |      67 |       0 |   0.0 |       5 |       0 |   0.0
            +---------+---------+-------+---------+---------+-------
